AoeStats
← Ale Torra

Arena

509912649Analyzed
3v3 RM · 4d ago on Sep 28, 2026· 26m 44s· 6 players
Game mode
Random Map
Map size
Normal (6 player)
Population
200
Speed
Normal
Resources
Standard
Victory
Conquest
Starting age
Dark Age
Ending age
Imperial Age
RankedLock teamsTeams togetherTeam positionsShared explorationLock speedFull tech treeHidden civsTurbo modeCheats
Victory
Defeat
🇪🇸 Mongols · Spain
1146
+16
🇪🇸 Poles · Spain
1084
+19
🇪🇸 Portuguese · Spain
1073
+19
🇪🇸 Bohemians · Spain
1186
-20
🇨🇿 Varangians · Czechia
1163
-19
🇩🇪 Armenians · Germany
1084
-32
Fatwhale
12:01 Feudal Age
16:45 Castle Age
14:52 Double-Bit Axe
15:02 Horse Collar
15:22 Loom
18:55 Town Watch
19:50 Fletching
22:08 Wheelbarrow
23:57 Bow Saw
25:34 Heavy Plow
Darth Penner
10:28 Feudal Age
11:08 Horse Collar
11:17 Double-Bit Axe
19:17 Castle Age
17:31 Stone Mining
18:41 Wheelbarrow
20:32 Bow Saw
20:27 Heavy Plow
22:47 Gold Mining
23:55 Man-at-Arms
24:33 Fletching
Zelda
10:24 Feudal Age
15:18 Castle Age
13:52 Double-Bit Axe
18:22 Wheelbarrow
18:28 Loom
22:40 Hand Cart
24:44 Bloodlines
24:50 Scale Barding Armor
25:15 Husbandry
26:18 Forging
Sir Charles
6:06 Loom
12:04 Feudal Age
16:25 Castle Age
15:47 Double-Bit Axe
25:16 Bow Saw
25:16 Horse Collar
27:12 Wheelbarrow
Filipo
0:29 Loom
11:16 Feudal Age
17:21 Castle Age
15:53 Horse Collar
16:48 Double-Bit Axe
17:19 Stone Mining
19:53 Fletching
22:16 Bodkin Arrow
Ale Torra
10:55 Feudal Age
9:10 Loom
15:03 Castle Age
20:50 Double-Bit Axe
Connection lost

Rejoining the realm…

Still unreachable

The connection could not be restored.

Session expired

The server has moved on; the page needs a fresh start.